 Dungeon Crawl Stone Soup version 0.29-a0-559-g359e09b9d1 (webtiles) character file.

Game seed: 1558115300102533677

277 raistware the Digger (level 6, -4/41 HPs)
             Began as a Human Earth Elementalist on June 9, 2022.
             Slain by Duvessa
             ... wielding a +0 rapier
              (8 damage)
             ... on level 4 of the Dungeon.
             The game lasted 00:10:59 (3170 turns).

raistware the Digger (Human Earth Elementalist)     Turns: 3170, Time: 00:11:00

Health: -4/41      AC:  7    Str:  8    XL:     6   Next: 51%
Magic:  11/11      EV: 12    Int: 18    God:
Gold:   211        SH:  0    Dex: 13    Spells: 2/12 levels left

rFire   . . .      SeeInvis .   a - +1 short sword (elec)
rCold   . . .      Faith    .   (no shield)
rNeg    . . .      Spirit   .   f - +0 robe
rPois   +          Reflect  .   j - +2 helmet
rElec   .          Harm     .   q - +1 cloak
rCorr   .          Rampage  .   (no gloves)
Will    .....                   (no boots)
Stlth   ++........              (no amulet)
HPRegen 0.13/turn               i - ring of poison resistance
MPRegen 0.12/turn               (no ring)

@: very slightly contaminated
A: no striking features
a: no special abilities


You were on level 4 of the Dungeon.
You visited 1 branch of the dungeon, and saw 4 of its levels.

You collected 211 gold pieces.

Inventory:

Hand Weapons
 a - a +1 short sword of electrocution (weapon)
 b - a +0 hunting sling
 r - a +4 quarterstaff of chaos
Missiles
 e - 2 javelins
 k - a throwing net
 m - 59 stones
Armour
 f - a +0 robe (worn)
 g - an orb of light
 j - a +2 helmet (worn)
 q - a +1 cloak (worn)
Magical Staves
 u - a staff of fire
Jewellery
 i - a ring of poison resistance (left hand)
Scrolls
 d - 4 scrolls of identify {unknown}
 l - a scroll of teleportation {unknown}
 n - a scroll of vulnerability {unknown}
 p - 3 scrolls of brand weapon {unknown}
 s - a scroll of poison {unknown}
 t - a scroll of enchant weapon {unknown}
Potions
 c - 2 potions of magic
 h - 4 potions of heal wounds {unknown}
 o - 3 potions of curing {unknown}


   Skills:
 - Level 2.0 Dodging
 + Level 2.6 Stealth
 * Level 3.8 Spellcasting
 + Level 1.4 Conjurations
 - Level 2.0 Transmutations
 * Level 4.7 Earth Magic


You had 2 spell levels left.
You knew the following spells:

 Your Spells              Type           Power      Damage    Failure   Level
a - Sandblast             Erth           40%        2d10      2%          1
b - Passwall              Tmut/Erth      12%        N/A       5%          2
c - Stone Arrow           Conj/Erth      28%        3d8       13%         3
d - Petrify               Tmut/Erth      15%        N/A       36%         4

Your spell library contained the following spells:

 Spells                   Type           Power      Damage    Failure   Level
 Poisonous Vapours        Pois/Air       6%         N/A       22%         2
 Corpse Rot               Necr/Pois/Air  3%         N/A       83%         4


Dungeon Overview and Level Annotations

Branches:
Dungeon (4/15)
 Temple: D:4-7

Altars:
Cheibriados
Qazlal
Trog
Wu Jian
Xom

Annotations:
D:4 Duvessa


Message History

Press: ? - help, Shift-Dir - straight line, f/p - Duvessa
Aim: Duvessa, wielding a +0 rapier and wearing a +0 ring mail (berserk, 77% to hit)
The stone arrow hits Duvessa.
Duvessa is lightly wounded.
Duvessa rages.
Duvessa hits you with a +0 rapier!!
You hear an angry hiss.
Casting: Stone Arrow (dangerous; 13% risk of failure)
Confirm with . or Enter, or press ? or * to list all spells.
Aiming: Stone Arrow (dangerous; 13% risk of failure)
Press: ? - help, Shift-Dir - straight line, f/p - Duvessa
Aim: Duvessa, wielding a +0 rapier and wearing a +0 ring mail (lightly wounded, berserk, 77% to hit)
The stone arrow misses Duvessa.
Duvessa hits you with a +0 rapier.
Unknown command.
Casting: Stone Arrow (dangerous; 13% risk of failure)
Confirm with . or Enter, or press ? or * to list all spells.
You don't have enough magic to cast this spell.
Unknown command.
Unknown command.
Casting: Stone Arrow (dangerous; 13% risk of failure)
Confirm with . or Enter, or press ? or * to list all spells.
Aiming: Sandblast (safe; 2% risk of failure)
Press: ? - help, Shift-Dir - straight line, f/p - Duvessa
Aim: Duvessa, wielding a +0 rapier and wearing a +0 ring mail (lightly wounded, berserk, 86% to hit)
The blast of sand hits Duvessa but does no damage.
Duvessa is lightly wounded.
Duvessa hits you but does no damage. Duvessa hits you with a +0 rapier.
Casting: Sandblast (safe; 2% risk of failure)
Confirm with . or Enter, or press ? or * to list all spells.
Aiming: Sandblast (safe; 2% risk of failure)
Press: ? - help, Shift-Dir - straight line, f/p - Duvessa
Aim: Duvessa, wielding a +0 rapier and wearing a +0 ring mail (lightly wounded, berserk, 86% to hit)
The blast of sand hits Duvessa.
Duvessa is lightly wounded.
Duvessa closely misses you.
Okay, then.
Magic courses through your body. Duvessa hits you with a +0 rapier!
* * * LOW HITPOINT WARNING * * *
Duvessa hits you with a +0 rapier!
You die...

...e#####e[.##...... ...
#...#÷.......... ..
#...#.......... ...
#...#...#...##
...#####.......#
.........##....##
..>......#......#..###....
.......÷.#.e....#...##...#
.....##..##@.##.≈........#
..>..#........#≈≈≈...#...#
.##..)........##≈≈.......
#.............#≈≈....# ##
........#.<.....#≈≈....##...
........##[.......≈<........
........##........≈.......##
.##.##.##........≈≈...##....
#.. ..#..........≈≈..# #...


You could see Duvessa (berserk).

Vanquished Creatures
  Dowan (D:4)
  A howler monkey (D:4)
  Crazy Yiuf (D:3)
  An orc priest (D:2)
  2 adders
  3 gnolls
  3 dart slugs (D:1)
  8 orcs
  5 bats
  8 endoplasms
  A giant cockroach (D:2)
  6 hobgoblins
  4 kobolds
  A quokka (D:1)
  6 ball pythons
  3 frilled lizards
  6 goblins
  10 rats
70 creatures vanquished.

Notes
Turn   | Place    | Note
-------+----------+-------------------------------------------
     0 | D:1      | raistware the Human Earth Elementalist began the quest for
                  | the Orb.
     0 | D:1      | Reached XP level 1. HP: 13/13 MP: 3/3
   194 | D:1      | Reached XP level 2. HP: 19/19 MP: 3/5
   198 | D:1      | Learned a level 2 spell: Passwall
   553 | D:1      | Reached XP level 3. HP: 24/24 MP: 6/6
   557 | D:1      | Learned a level 3 spell: Stone Arrow
   953 | D:2      | Noticed a great orb of eyes
   974 | D:2      | Noticed a floating eye
   976 | D:2      | Found a faded altar of an unknown god.
   977 | D:2      | Noticed a great orb of eyes
   977 | D:2      | Noticed a golden eye
  1277 | D:2      | Reached XP level 4. HP: 23/30 MP: 0/8
  1518 | D:2      | Reached skill level 4 in Earth Magic
  1763 | D:3      | Reached XP level 5. HP: 35/35 MP: 7/9
  2009 | D:3      | Found an ornate altar of the Wu Jian Council.
  2144 | D:3      | Found a runed translucent door.
  2145 | D:3      | Noticed Crazy Yiuf
  2150 | D:3      | Killed Crazy Yiuf
  2313 | D:3      | Found a glowing silver altar of Zin.
  2315 | D:3      | Found a snail-covered altar of Cheibriados.
  2315 | D:3      | Found a shimmering altar of Xom.
  2317 | D:3      | Found a shimmering altar of Xom.
  2317 | D:3      | Found a shimmering altar of Xom.
  2317 | D:3      | Found a bloodstained altar of Trog.
  2534 | D:3      | Found a stormy altar of Qazlal.
  2546 | D:3      | Learned a level 4 spell: Petrify
  2593 | D:4      | Noticed Duvessa
  2593 | D:4      | Noticed Dowan
  2596 | D:4      | Killed Dowan
  2597 | D:4      | Reached skill level 1 in Conjurations
  2597 | D:4      | Reached XP level 6. HP: 40/41 MP: 1/11
  3170 | D:4      | Slain by Duvessa

Illustrated notes

Levels and vault maps discovered:
D:1:      saegor_arrival_simple_a, layout_basic
D:2:      layout_rooms, hellmonk_ecumenical_altar_watching_god
D:3:      layout_rooms, doesnt_xom_only_xom, nicolae_wu_jian_wuxing_cycle,
          nicolae_qazlal_eye_of_the_storm, uniq_crazy_yiuf_cottage
D:4:      layout_cave_pools, lemuel_crystal_altar, zin_purify,
          kennysheep_slug_shrine, serial_glass, glass_columns_b,
          glass_columns_a, chequers_serial_rivers_small_a, st_stairs_3,
          minmay_distorted, uniq_duvessa

Skill      XL: |  1  2  3  4  5 |
---------------+----------------+-----
Spellcasting   | 3 |  3.8
Transmutations | 2 |  2.0
Earth Magic    | 4 |  4.7
Conjurations   | 1 |  1.4
Dodging        | |  2.0
Stealth        | |  2.6

Action                   |  1- 3 |  4- 6 || total
-------------------------+-------+-------++-------
Melee: Unarmed           |     2 |       ||     2
       Short sword       |       |    22 ||    22
 Fire: Hunting sling     |    58 |    74 ||   132
 Cast: Sandblast         |    18 |    23 ||    41
       Stone Arrow       |     1 |     6 ||     7
  Use: Potion            |       |     1 ||     1
Armor: Robe              |     9 |    20 ||    29
Dodge: Dodged            |    21 |    40 ||    61

Table legend: (Time is in decaauts)
 A = Elapsed time spent in this place.
 B = Non-inter-level travel time spent in this place.
 C = Inter-level travel time spent in this place.
 D = Time resting spent in this place.
 E = Time spent auto-exploring this place.
 F = Levels seen in this place.
 G = Mean time per level.
                   A        B        C        D        E       F      G
               +--------+--------+--------+--------+--------+-----+--------+
         Total |   3238 |   3160 |     78 |    699 |   1894 |   4 |  809.5 |
       Dungeon |   3238 |   3160 |     78 |    699 |   1894 |   4 |  809.5 |
               +--------+--------+--------+--------+--------+-----+--------+

Top non-repeatable levels by time:
     D:3: 953 daAuts
     D:1: 919 daAuts
     D:2: 859 daAuts
     D:4: 506 daAuts
